 Dungeon Crawl Stone Soup version 0.29.1-12-g30fa7ad0bf (webtiles) character file.

Game seed: 15326539786061122869

56 ANNNA the Digger (level 3, -4/19 HPs)
             Began as a Deep Elf Earth Elementalist on Jan 12, 2023.
             Killed from afar by Ijyb (6 damage)
             ... with a puff of flame
             ... on level 3 of the Dungeon.
             The game lasted 00:16:30 (2668 turns).

ANNNA the Digger (Deep Elf Earth Elementalist)      Turns: 2668, Time: 00:16:31

Health: -4/19      AC:  3    Str:  7    XL:     3   Next: 71%
Magic:  2/9        EV: 13    Int: 25    God:
Gold:   105        SH:  0    Dex: 15    Spells: 2/8 levels left

rFire   . . .      SeeInvis .   r - +0 falchion
rCold   . . .      Faith    .   (no shield)
rNeg    . . .      Spirit   .   a - +0 robe
rPois   .          Reflect  .   (no helmet)
rElec   .          Harm     .   i - +0 cloak
rCorr   .          Rampage  .   (no gloves)
Will    +....                   (no boots)
Stlth   ++........              (no amulet)
HPRegen 0.06/turn               f - +6 ring of intelligence
MPRegen 0.11/turn               l - ring of willpower

@: attractive
A: no striking features
a: no special abilities


You were on level 3 of the Dungeon.
You visited 1 branch of the dungeon, and saw 3 of its levels.

You collected 105 gold pieces.

Inventory:

Hand Weapons
 c - a +0 dagger
 r - a +0 falchion (weapon)
Missiles
 h - 8 stones
 p - a poisoned dart
Armour
 a - a +0 robe (worn)
 i - a +0 cloak (worn)
Jewellery
 f - a +6 ring of intelligence (left hand)
 l - a ring of willpower (right hand)
Scrolls
 d - 2 scrolls of poison {unknown}
 g - 3 scrolls of identify
 j - 2 scrolls of silence {unknown}
 k - a scroll of summoning {unknown}
 n - a scroll of torment {unknown}
 o - a scroll of brand weapon {unknown}
 q - a scroll of noise {unknown}
 t - a scroll of teleportation {unknown}
Potions
 b - a potion of magic
 e - 3 potions of cancellation
 m - 2 potions of attraction
 s - a potion of mutation {unknown}
 u - a potion of resistance {unknown}


   Skills:
 + Level 0.2 Fighting
 - Level 0.6 Short Blades
 + Level 3.3 Dodging
 + Level 3.2 Stealth
 + Level 3.3 Spellcasting
 + Level 1.1 Transmutations
 + Level 3.9 Earth Magic


You had 2 spell levels left.
You knew the following spells:

 Your Spells              Type           Power      Damage    Failure   Level
a - Sandblast             Erth           48%        2d12      1%          1
b - Passwall              Tmut/Erth      13%        N/A       5%          2
c - Stone Arrow           Conj/Erth      28%        3d8       13%         3

Your spell library contained the following spells:

 Spells                   Type           Power      Damage    Failure   Level
 Beastly Appendage        Tmut           18%        N/A       6%          1
 Wereblood                Tmut           9%         N/A       10%         2
 Spider Form              Tmut/Pois      6%         N/A       24%         3
 Portal Projectile        Hex/Tloc       8%         N/A       28%         3
 Tukima's Dance           Hex            4%         N/A       28%         3
 Petrify                  Tmut/Erth      16%        N/A       34%         4
 Blade Hands              Tmut           4%         N/A       86%         5


Dungeon Overview and Level Annotations

Branches:
Dungeon (3/15)

Altars:

Annotations:
D:3 Ijyb


Message History

Press: ? - help, Shift-Dir - straight line, f/p - Ijyb
Aim: Ijyb, wielding a +0 club, wearing a +0 scale mail and carrying a wand of flame (17) (moderately wounded, 81% to hit)
The blast of sand hits Ijyb but does no damage.
Ijyb is moderately wounded.
Ijyb barely misses you.
Casting: Sandblast (safe; 1% risk of failure)
Confirm with . or Enter, or press ? or * to list all spells.
Aiming: Sandblast (safe; 1% risk of failure)
Press: ? - help, Shift-Dir - straight line, f/p - Ijyb
Aim: Ijyb, wielding a +0 club, wearing a +0 scale mail and carrying a wand of flame (17) (moderately wounded, 81% to hit)
The blast of sand misses Ijyb.
Ijyb hits you with a +0 club. Ijyb barely misses you.
Casting: Sandblast (safe; 1% risk of failure)
Confirm with . or Enter, or press ? or * to list all spells.
Aiming: Sandblast (safe; 1% risk of failure)
Press: ? - help, Shift-Dir - straight line, f/p - Ijyb
Aim: Ijyb, wielding a +0 club, wearing a +0 scale mail and carrying a wand of flame (17) (moderately wounded, 81% to hit)
The blast of sand misses Ijyb.
Ijyb closely misses you.
Casting: Sandblast (safe; 1% risk of failure)
Confirm with . or Enter, or press ? or * to list all spells.
Aiming: Sandblast (safe; 1% risk of failure)
Press: ? - help, Shift-Dir - straight line, f/p - Ijyb
Aim: Ijyb, wielding a +0 club, wearing a +0 scale mail and carrying a wand of flame (17) (moderately wounded, 81% to hit)
The blast of sand hits Ijyb but does no damage.
Ijyb is moderately wounded.
Ijyb screams, "Get away!"
Ijyb hits you with a +0 club. Ijyb hits you but does no damage.
Casting: Sandblast (safe; 1% risk of failure)
Confirm with . or Enter, or press ? or * to list all spells.
Aiming: Sandblast (safe; 1% risk of failure)
Press: ? - help, Shift-Dir - straight line, f/p - Ijyb
Aim: Ijyb, wielding a +0 club, wearing a +0 scale mail and carrying a wand of flame (17) (moderately wounded, 81% to hit)
The blast of sand hits Ijyb.
Ijyb is heavily wounded.
Ijyb hits you with a +0 club.
* * * LOW HITPOINT WARNING * * *
It was a potion of attraction.
You feel attractive to monsters.
Ijyb zaps a wand.
The puff of flame hits you.
You die...

#
S.#.###########
...............
......=..#
....####g# .
#@# #<# #.# #>#
#.# #.. ###


You could see Ijyb.

Vanquished Creatures
  2 adders (D:2)
  3 ball pythons
  2 endoplasms
  4 giant cockroaches (D:1)
  5 goblins
  5 hobgoblins
  5 kobolds
  5 bats
  3 rats (D:1)
34 creatures vanquished.

Notes
Turn   | Place    | Note
-------+----------+-------------------------------------------
     0 | D:1      | ANNNA the Deep Elf Earth Elementalist began the quest for
                  | the Orb.
     0 | D:1      | Reached XP level 1. HP: 10/10 MP: 6/6
   457 | D:1      | Found a faded altar of an unknown god.
   557 | D:1      | Reached XP level 2. HP: 10/15 MP: 8/8
  1250 | D:2      | Reached XP level 3. HP: 16/19 MP: 6/9
  1500 | D:2      | Learned a level 2 spell: Passwall
  1504 | D:2      | Learned a level 3 spell: Stone Arrow
  2654 | D:3      | Noticed Ijyb
  2668 | D:3      | Killed from afar by Ijyb

Illustrated notes

Levels and vault maps discovered:
D:1:      dpeg_arrival_round_a, layout_basic,
          ebering_ecumenical_altar_sacrificial
D:2:      layout_loops_cross
D:3:      layout_loops_ring, glass_columns_b, st_stairs_4, uniq_natasha,
          uniq_grinder, uniq_ijyb

Skill      XL: |  1  2  3 |
---------------+----------+-----
Dodging        | 3 |  3.3
Stealth        | 3 |  3.2
Fighting       | |  0.2
Short Blades   | |  0.6
Spellcasting   | |  3.3
Transmutations | |  1.1
Earth Magic    | |  3.9

Action                   || total
-------------------------++-------
Melee: Dagger            ||    95
       Falchion          ||    13
       Punch             ||     2
Throw: Stone             ||     3
       Dart              ||    16
 Cast: Sandblast         ||    22
  Use: Scroll            ||     1
       Potion            ||     1
 Stab: Sleeping          ||    10
Armor: Robe              ||    39
Dodge: Dodged            ||    92
